TOP OF THE 1ST |
Biloxi Shuckers batting - Pitching for Altoona Curve : LHP Phil DeCamp
|
Pitching: LHP Phil DeCamp
|
|
Batting: RHB Hector Silva
|
0-0: SINGLE (Flyball, 89S, EV 91.2 MPH)
|
Batting: RHB Josh Nelson
|
0-0: Ball 1-0: Called Strike 1-1: Foul Ball, location: 2F 1-2: Strikes out swinging
|
Batting: RHB Herb McIntyre
|
0-0: Called Strike 0-1: Called Strike 0-2: Ball 1-2: Ball 2-2: Strikes out looking
|
Batting: RHB Cameron Rattenbury
|
0-0: Called Strike 0-1: Called Strike 0-2: Ball 1-2: Foul Ball, location: 2F 1-2: Fly out, F7 (Flyball, 7S, EV 88.8 MPH)
|
Top of the 1st over - 0 runs, 1 hit, 0 errors, 1 left on base; Biloxi 0 - Altoona 0 |
BOTTOM OF THE 1ST |
Altoona Curve batting - Pitching for Biloxi Shuckers : RHP Mike Ellinwood
|
Pitching: RHP Mike Ellinwood
|
|
Batting: LHB Joe Hoover
|
0-0: Ball 1-0: Foul Ball, location: 2F 1-1: Foul Ball, location: 2F 1-2: Foul Ball, location: 2F 1-2: Ground out 4-3 (Groundball, 4, EV 108.1 MPH)
|
Batting: RHB Chris McCoy
|
0-0: Ball 1-0: Ball 2-0: Foul Ball, location: 2F 2-1: Ground out 1-3 (Groundball, P, EV 64.4 MPH)
|
Batting: LHB Ruben Garza
|
0-0: Called Strike 0-1: Foul Ball, location: 2F 0-2: Strikes out looking
|
Bottom of the 1st over - 0 runs, 0 hits, 0 errors, 0 left on base; Biloxi 0 - Altoona 0 |
TOP OF THE 2ND |
Biloxi Shuckers batting - Pitching for Altoona Curve : LHP Phil DeCamp
|
Batting: RHB Vinny Estrada
|
0-0: Reached on error, E8 (Flyball, 8LS, EV 85.0 MPH)
|
Batting: RHB Steve Byerly
|
0-0: Called Strike 0-1: Ball 1-1: Ground out 4-3 (Groundball, 34S, EV 64.4 MPH) Vinny Estrada to second
|
Batting: LHB Adam Hill
|
0-0: Swinging Strike 0-1: Ball 1-1: Swinging Strike 1-2: Strikes out swinging
|
Batting: RHB Brian Landrum
|
0-0: Called Strike 0-1: Fly out, F9 (Line Drive, 9D, EV 94.4 MPH)
|
Top of the 2nd over - 0 runs, 0 hits, 1 error, 1 left on base; Biloxi 0 - Altoona 0 |
BOTTOM OF THE 2ND |
Altoona Curve batting - Pitching for Biloxi Shuckers : RHP Mike Ellinwood
|
Batting: RHB Zach Chmieleski
|
0-0: Swinging Strike 0-1: Foul Ball, location: 2F 0-2: Ball 1-2: Foul Ball, location: 2F 1-2: Foul Ball, location: 2F 1-2: Ball 2-2: Fly out, F9 (Flyball, 9, EV 90.0 MPH)
|
Batting: RHB John Goynes
|
0-0: Ball 1-0: Foul Ball, location: 2F 1-1: Ball 2-1: Ball 3-1: Foul Ball, location: 2F 3-2: Base on Balls
|
Batting: RHB Jordan Robinson
|
0-0: Hit by Pitch John Goynes to second
|
Batting: SHB Curtis Thompson
|
0-0: Ball 1-0: Ball 2-0: Foul Ball, location: 2F 2-1: Foul Ball, location: 2F 2-2: Strikes out looking
|
Batting: LHB Phil DeCamp
|
0-0: Foul Ball, location: 2F 0-1: Called Strike 0-2: Foul Ball, location: 2F 0-2: Ball 1-2: SINGLE (Groundball, 3S, EV 65.6 MPH) (infield hit) John Goynes to third Jordan Robinson to second
|
Batting: RHB Pleun Smit
|
0-0: Called Strike 0-1: Ball 1-1: Swinging Strike 1-2: Foul Ball, location: 2F 1-2: Strikes out looking
|
Bottom of the 2nd over - 0 runs, 1 hit, 0 errors, 3 left on base; Biloxi 0 - Altoona 0 |
TOP OF THE 3RD |
Biloxi Shuckers batting - Pitching for Altoona Curve : LHP Phil DeCamp
|
Batting: SHB Robert Sayer
|
0-0: Swinging Strike 0-1: Ball 1-1: Fly out, F9 (Flyball, 9, EV 95.6 MPH)
|
Batting: RHB Hector Silva
|
0-0: Ball 1-0: Called Strike 1-1: Ball 2-1: Ground out 6-3 (Groundball, 56, EV 83.8 MPH)
|
Batting: RHB Josh Nelson
|
0-0: Ball 1-0: Called Strike 1-1: Foul Ball, location: 2F 1-2: Ball 2-2: Strikes out swinging
|
Top of the 3rd over - 0 runs, 0 hits, 0 errors, 0 left on base; Biloxi 0 - Altoona 0 |
BOTTOM OF THE 3RD |
Altoona Curve batting - Pitching for Biloxi Shuckers : RHP Mike Ellinwood
|
Batting: LHB Joe Hoover
|
0-0: Ball 1-0: SOLO HOME RUN (Flyball, 9LD, EV 91.9 MPH), Distance : 341 ft
|
Batting: RHB Chris McCoy
|
0-0: Bunt missed! 0-1: Swinging Strike 0-2: Ball 1-2: Ball 2-2: Fly out, F4 (Popup, 4, EV 41.9 MPH)
|
Batting: LHB Ruben Garza
|
0-0: Called Strike 0-1: Swinging Strike 0-2: Strikes out looking
|
Batting: RHB Zach Chmieleski
|
0-0: Swinging Strike 0-1: SINGLE (Line Drive, 34D, EV 106.9 MPH)
|
Batting: RHB John Goynes
|
0-0: Ball 1-0: Ball 2-0: Called Strike 2-1: Ground out 4-3 (Groundball, 4MS, EV 66.2 MPH)
|
Bottom of the 3rd over - 1 run, 2 hits, 0 errors, 1 left on base; Biloxi 0 - Altoona 1 |
TOP OF THE 4TH |
Biloxi Shuckers batting - Pitching for Altoona Curve : LHP Phil DeCamp
|
Batting: RHB Herb McIntyre
|
0-0: Foul Ball, location: 2F 0-1: Ball 1-1: Called Strike 1-2: Ball 2-2: Strikes out swinging
|
Batting: RHB Cameron Rattenbury
|
0-0: Ball 1-0: Ball 2-0: Ground out 5-3 (Groundball, 56, EV 101.2 MPH)
|
Batting: RHB Vinny Estrada
|
0-0: Ball 1-0: Ball 2-0: Swinging Strike 2-1: Ground out 3-1 (Groundball, 34, EV 110.6 MPH)
|
Top of the 4th over - 0 runs, 0 hits, 0 errors, 0 left on base; Biloxi 0 - Altoona 1 |
BOTTOM OF THE 4TH |
Altoona Curve batting - Pitching for Biloxi Shuckers : RHP Mike Ellinwood
|
Batting: RHB Jordan Robinson
|
0-0: Ball 1-0: Ball 2-0: Foul Ball, location: 2F 2-1: Fly out, F4 (Popup, 4S, EV 83.1 MPH)
|
Batting: SHB Curtis Thompson
|
0-0: Ball 1-0: Ball 2-0: Swinging Strike 2-1: Called Strike 2-2: Foul Ball, location: 2F 2-2: Strikes out looking
|
Batting: LHB Phil DeCamp
|
0-0: SINGLE (Groundball, 34S, EV 62.5 MPH) (infield hit)
|
Batting: RHB Pleun Smit
|
0-0: Ball 1-0: Ball 2-0: Called Strike 2-1: DOUBLE (Flyball, 8LXD, EV 95.6 MPH) Phil DeCamp to third Runner from 3rd tries for Home, SAFE, throw by CF to trailing runner, OUT at third! 8-3-5
|
Bottom of the 4th over - 1 run, 2 hits, 0 errors, 0 left on base; Biloxi 0 - Altoona 2 |
TOP OF THE 5TH |
Biloxi Shuckers batting - Pitching for Altoona Curve : LHP Phil DeCamp
|
Batting: RHB Steve Byerly
|
0-0: Fly out, F7 (Flyball, 78S, EV 81.9 MPH)
|
Batting: LHB Adam Hill
|
0-0: Foul Ball, location: 2F 0-1: Swinging Strike 0-2: Strikes out looking
|
Batting: RHB Brian Landrum
|
0-0: Ball 1-0: Ball 2-0: Foul Ball, location: 2F 2-1: Swinging Strike 2-2: Ball 3-2: Fly out, F8 (Line Drive, 89M, EV 103.8 MPH)
|
Top of the 5th over - 0 runs, 0 hits, 0 errors, 0 left on base; Biloxi 0 - Altoona 2 |
BOTTOM OF THE 5TH |
Altoona Curve batting - Pitching for Biloxi Shuckers : RHP Mike Ellinwood
|
Batting: LHB Joe Hoover
|
0-0: Ground out 4-3 (Groundball, 34D, EV 92.5 MPH)
|
Batting: RHB Chris McCoy
|
0-0: Called Strike 0-1: Ball 1-1: Ground out 4-3 (Groundball, 4D, EV 99.4 MPH)
|
Batting: LHB Ruben Garza
|
0-0: Ball 1-0: Ball 2-0: Ball 3-0: Called Strike 3-1: Base on Balls
|
Batting: RHB Zach Chmieleski
|
0-0: Ball 1-0: Fly out, F9 (Flyball, 9LMF, EV 90.6 MPH)
|
Bottom of the 5th over - 0 runs, 0 hits, 0 errors, 1 left on base; Biloxi 0 - Altoona 2 |
TOP OF THE 6TH |
Biloxi Shuckers batting - Pitching for Altoona Curve : LHP Phil DeCamp
|
Batting: SHB Robert Sayer
|
0-0: Ball 1-0: Called Strike 1-1: Swinging Strike 1-2: Fly out, F8 (Flyball, 8RM, EV 90.6 MPH)
|
Batting: RHB Hector Silva
|
0-0: Foul Ball, location: 2F 0-1: Called Strike 0-2: Ball 1-2: Ball 2-2: Foul Ball, location: 2F 2-2: Foul Ball, location: 2F 2-2: Strikes out swinging
|
Batting: RHB Josh Nelson
|
0-0: Ball 1-0: Ball 2-0: Ball 3-0: Foul Ball, location: 2F 3-1: Foul Ball, location: 2F 3-2: Foul Ball, location: 2F 3-2: Base on Balls
|
Batting: RHB Herb McIntyre
|
0-0: Ball 1-0: Ball 2-0: Swinging Strike 2-1: Swinging Strike 2-2: Strikes out looking
|
Top of the 6th over - 0 runs, 0 hits, 0 errors, 1 left on base; Biloxi 0 - Altoona 2 |
BOTTOM OF THE 6TH |
Altoona Curve batting - Pitching for Biloxi Shuckers : RHP Mike Ellinwood
|
Batting: RHB John Goynes
|
0-0: Ball 1-0: Called Strike 1-1: Ball 2-1: Foul Ball, location: 2F 2-2: Ground out 6-3 (Groundball, 6M, EV 91.2 MPH)
|
Batting: RHB Jordan Robinson
|
0-0: Called Strike 0-1: Called Strike 0-2: Ball 1-2: Ball 2-2: TRIPLE (Flyball, 78XD, EV 96.2 MPH)
|
Batting: SHB Curtis Thompson
|
0-0: Called Strike 0-1: Ball 1-1: Swinging Strike 1-2: Ball Wild Pitch! Jordan Robinson scores 2-2: Ground out 4-3 (Groundball, 4, EV 87.5 MPH)
|
Batting: LHB Phil DeCamp
|
0-0: Called Strike 0-1: Foul Ball, location: 2F 0-2: Ball 1-2: Foul Ball, location: 2F 1-2: Ground out U3 (Groundball, 34, EV 86.2 MPH)
|
Bottom of the 6th over - 1 run, 1 hit, 0 errors, 0 left on base; Biloxi 0 - Altoona 3 |
TOP OF THE 7TH |
Biloxi Shuckers batting - Pitching for Altoona Curve : LHP Phil DeCamp
|
Batting: RHB Cameron Rattenbury
|
0-0: Ball 1-0: Fly out, F7 (Flyball, 7D, EV 106.9 MPH)
|
Batting: RHB Vinny Estrada
|
0-0: Called Strike 0-1: Called Strike 0-2: Ball 1-2: Foul Ball, location: 2F 1-2: Ball 2-2: Strikes out swinging
|
Batting: RHB Steve Byerly
|
0-0: Foul Ball, location: 2F 0-1: Swinging Strike 0-2: Strikes out looking
|
Top of the 7th over - 0 runs, 0 hits, 0 errors, 0 left on base; Biloxi 0 - Altoona 3 |
BOTTOM OF THE 7TH |
Altoona Curve batting - Pitching for Biloxi Shuckers : RHP Mike Ellinwood
|
Pitching: LHP Jim McCutcheon
|
|
Batting: RHB Pleun Smit
|
0-0: Called Strike 0-1: Ball 1-1: Called Strike 1-2: Ball 2-2: SINGLE (Groundball, 34D, EV 103.1 MPH)
|
Batting: LHB Joe Hoover
|
0-0: Bunt missed! 0-1: Bunted foul 0-2: Ball 1-2: Ball 2-2: Fielders Choice at 2nd, 4-6 (Groundball, 34, EV 83.8 MPH)
|
Batting: RHB Chris McCoy
|
0-0: Grounds into double play, 4-6-3 (Groundball, 4, EV 106.9 MPH)
|
Bottom of the 7th over - 0 runs, 1 hit, 0 errors, 0 left on base; Biloxi 0 - Altoona 3 |
TOP OF THE 8TH |
Biloxi Shuckers batting - Pitching for Altoona Curve : LHP Phil DeCamp
|
Batting: LHB Adam Hill
|
0-0: Ground out 6-3 (Groundball, P, EV 94.4 MPH)
|
Batting: RHB Brian Landrum
|
0-0: Foul Ball, location: 2F 0-1: Called Strike 0-2: Ball 1-2: Fly out, F8 (Flyball, 8LM, EV 71.2 MPH)
|
Batting: SHB Robert Sayer
|
0-0: Called Strike 0-1: Foul Ball, location: 2F 0-2: DOUBLE (Flyball, 78D, EV 87.5 MPH)
|
Batting: RHB Hector Silva
|
0-0: Swinging Strike 0-1: Ball 1-1: Ground out 1-3 (Groundball, 25, EV 69.4 MPH)
|
Top of the 8th over - 0 runs, 1 hit, 0 errors, 1 left on base; Biloxi 0 - Altoona 3 |
BOTTOM OF THE 8TH |
Altoona Curve batting - Pitching for Biloxi Shuckers : LHP Jim McCutcheon
|
Batting: LHB Ruben Garza
|
0-0: Fly out, F9 (Flyball, 9D, EV 105.6 MPH)
|
Batting: RHB Zach Chmieleski
|
0-0: SINGLE (Line Drive, 9S, EV 91.9 MPH)
|
Batting: RHB John Goynes
|
0-0: Ball 1-0: Called Strike 1-1: Swinging Strike 1-2: Ball 2-2: SINGLE (Line Drive, 9S, EV 98.1 MPH) Zach Chmieleski to second
|
Batting: RHB Jordan Robinson
|
0-0: SINGLE (Groundball, 5D, EV 100.6 MPH) Zach Chmieleski to third John Goynes to second
|
Batting: SHB Curtis Thompson
|
0-0: Foul Ball, location: 2F 0-1: SINGLE (Groundball, 56D, EV 103.1 MPH) Zach Chmieleski scores John Goynes to third Jordan Robinson to second Runner from 3rd tries for Home, SAFE, throw by LF to home
|
Batting: LHB Phil DeCamp
|
0-0: Fly out, F8 (Flyball, 8RD, EV 106.2 MPH)
|
Batting: RHB Pleun Smit
|
0-0: Foul Ball, location: 2F 0-1: Foul Ball, location: 2F 0-2: Foul Ball, location: 2F 0-2: Strikes out swinging
|
Bottom of the 8th over - 2 runs, 4 hits, 0 errors, 2 left on base; Biloxi 0 - Altoona 5 |
TOP OF THE 9TH |
Biloxi Shuckers batting - Pitching for Altoona Curve : LHP Phil DeCamp
|
Batting: RHB Josh Nelson
|
0-0: SOLO HOME RUN (Line Drive, 8LXD, EV 109.4 MPH), Distance : 450 ft
|
Pitching: RHP Robby Poyfair
|
|
Batting: RHB Herb McIntyre
|
0-0: Ball 1-0: Ball 2-0: Ball 3-0: Called Strike 3-1: SINGLE (Groundball, 6, EV 100.0 MPH)
|
Batting: RHB Cameron Rattenbury
|
0-0: Ball 1-0: Called Strike 1-1: DOUBLE (Line Drive, 89XD, EV 105.0 MPH) Herb McIntyre to third
|
Batting: RHB Vinny Estrada
|
0-0: Ball 1-0: SINGLE (Flyball, 78S, EV 95.6 MPH) Herb McIntyre scores Cameron Rattenbury to third
|
Batting: RHB Steve Byerly
|
|
Pinch Hitting: SHB Sam Bingham
|
0-0: Called Strike 0-1: Reached on error, E3 (Groundball, 3, EV 90.6 MPH) Cameron Rattenbury scores Vinny Estrada to second
|
Batting: LHB Adam Hill
|
0-0: Reached on error, E1 (Groundball, 15, EV 43.8 MPH) Vinny Estrada to third Sam Bingham to second
|
Batting: RHB Brian Landrum
|
0-0: Foul Ball, location: 2F 0-1: Called Strike 0-2: Ball 1-2: Strikes out swinging
|
Batting: SHB Robert Sayer
|
0-0: Ball 1-0: Called Strike 1-1: Grounds into double play, 5-4-3 (Groundball, 56S, EV 86.9 MPH)
|
Top of the 9th over - 3 runs, 4 hits, 2 errors, 2 left on base; Biloxi 3 - Altoona 5 |
|